 Dungeon Crawl Stone Soup version 0.22.1-2-g9c5b331 (webtiles) character file.

263306 dvd the Unseen (level 20, -13/112 HPs)
             Began as a Kobold Enchanter on Dec 7, 2018.
             Was the Champion of Dithmenos.
             Mangled by a glaive of venom (31 damage)
             ... on level 1 of the Elven Halls on Dec 10, 2018.
             The game lasted 04:15:32 (48404 turns).

dvd the Unseen (Kobold Enchanter)                  Turns: 48404, Time: 04:15:32

Health: -13/112    AC: 18    Str: 11    XL:     20   Next: 83%
Magic:  31/39      EV: 22    Int: 20    God:    Dithmenos [******]
Gold:   1718       SH: 13    Dex: 15    Spells: 4/50 levels left

rFire    + + .     SeeInvis +   a - +9 short sword (elec)
rCold    + . .     Gourm    .   S - +3 buckler
rNeg     + . .     Faith    .   L - +3 leather armour {rPois}
rPois    +         Spirit   .   I - +0 mask of the Dragon {MR+ Slay+3 SInv}
rElec    +         Reflect  +   b - +2 cloak {rF+}
rCorr    .         Harm     .   J - +2 pair of gloves
MR       +++..     Clarity  +   O - +2 pair of boots
Stlth    ++++++++++             t - amulet "Egeon" {Reflect rF+ rN+ SH+4}
HPRegen  1.28/turn              R - ring of protection from cold
MPRegen  0.26/turn              F - ring of protection from magic

@: shrouded, regenerating, wreathed by umbra
A: small, claws 2, iridescent scales 1, blurry vision 1, carnivore, clarity,
electricity resistance, evolution 1, subdued magic 1
}: 2/15 runes: decaying, serpentine
a: Shadow Step, Shadow Form, Renounce Religion


You were on level 1 of the Elven Halls.
You worshipped Dithmenos.
Dithmenos was exalted by your worship.
You were completely stuffed.

You visited 6 branches of the dungeon, and saw 32 of its levels.
You also visited: Labyrinth, Ice Cave and Volcano.

You collected 3348 gold pieces.
You spent 1630 gold pieces at shops.

Inventory:

Hand Weapons
 a - a +9 short sword of electrocution (weapon)
 U - the +9 flail of Insufficient Pleasure {crush, rElec rC+ Str+7 Dex-5}
   (You found it on level 15 of the Dungeon)

   It inflicts extra damage upon your enemies.
   It affects your strength (+7).
   It affects your dexterity (-5).
   It protects you from cold.
   It insulates you from electricity.
 V - a +8 rapier of speed
 W - a +3 falchion of flaming
 Y - the +5 short sword "dvd's Doom" {pierce, Str+2}
   (You found it in an ice cave)

   It inflicts extra damage upon your enemies.
   It affects your strength (+2).
Armour
 b - a +2 cloak of fire resistance (worn)
 x - a scarf of cloud immunity
 G - the +3 chain mail "Wesi" {rPois Dex+6}
   (You found it on level 4 of the Snake Pit)

   It affects your dexterity (+6).
   It protects you from poison.
 I - the +0 mask of the Dragon (worn) {MR+ Slay+3 SInv}
   (You bought it in a shop on level 5 of the Dungeon)

   It affects your accuracy and damage with ranged weapons and melee attacks
   (+3).
   It affects your resistance to hostile enchantments.
   It lets you see invisible.
 J - a +2 pair of gloves (worn)
 L - a +3 leather armour of poison resistance (worn)
 O - a +2 pair of boots (worn)
 S - a +3 buckler (worn)
Jewellery
 o - an uncursed ring of positive energy
 t - the amulet "Egeon" (around neck) {Reflect rF+ rN+ SH+4}
   (You bought it in a shop on level 2 of the Orcish Mines)

   [amulet of reflection]

   It shields you and reflects attacks.
   It protects you from fire.
   It protects you from negative energy.
   It affects your SH (+4).
 u - a +2 ring of intelligence
 w - an uncursed ring of wizardry
 F - a ring of protection from magic (right hand)
 R - a ring of protection from cold (left hand)
Wands
 n - a wand of paralysis (16)
 s - a wand of random effects (142)
 v - a wand of disintegration (15)
 A - a wand of acid (14)
 H - a wand of iceblast (23)
 M - a wand of flame (161)
 N - a wand of digging (11)
Scrolls
 e - 7 scrolls of teleportation
 f - 30 scrolls of identify
 h - 8 scrolls of fog
 j - 17 scrolls of remove curse
 l - a scroll of summoning
 r - 5 scrolls of magic mapping
 y - 4 scrolls of amnesia
 z - 3 scrolls of enchant armour
 B - 3 scrolls of blinking
 T - 2 scrolls of fear
 Z - 2 scrolls of holy word
Potions
 c - a potion of resistance
 g - 2 potions of agility
 i - 2 potions of heal wounds
 k - a potion of ambrosia
 m - 4 potions of haste
 p - a potion of mutation
 q - 12 potions of curing
 C - 3 potions of cancellation
 D - a potion of might
 E - 6 potions of flight
 K - 3 potions of magic
 P - a potion of berserk rage
Miscellaneous
 X - a lightning rod (4/4)
Comestibles
 d - 42 rations
 Q - 4 chunks of flesh


   Skills:
 + Level 8.2 Fighting
 + Level 12.4 Short Blades
 + Level 0.6 Throwing
 + Level 4.0 Armour
 + Level 11.8 Dodging
 + Level 20.8 Stealth
 - Level 5.6 Shields
 + Level 15.6 Spellcasting
 * Level 10.2 Conjurations
 * Level 13.8 Hexes
 + Level 4.6 Charms
 + Level 8.4 Necromancy
 + Level 3.2 Translocations
 + Level 4.6 Transmutations
 + Level 8.6 Ice Magic
 + Level 0.1 Air Magic
 + Level 0.5 Invocations
 + Level 2.2 Evocations


You had 4 spell levels left.
You knew the following spells:

 Your Spells              Type           Power        Failure   Level  Hunger
a - Regeneration          Chrm/Necr      ####......   1%          3    None
b - Ensorcelled Hibernat  Hex/Ice        #####.       1%          2    None
c - Confuse               Hex            ######..     1%          3    None
d - Dazzling Spray        Conj/Hex       #####.       1%          3    None
e - Blink                 Tloc           N/A          1%          2    None
f - Tukima's Dance        Hex            ######..     1%          3    None
g - Shroud of Golubria    Chrm/Tloc      ###.......   1%          2    None
h - Sublimation of Blood  Necr           #####.....   1%          2    None
i - Yara's Violent Unrav  Hex/Tmut       #####.....   2%          5    ###....
j - Ozocubu's Armour      Chrm/Ice       ####....     1%          3    None
k - Throw Icicle          Conj/Ice       #####...     1%          4    None
l - Silence               Hex/Air        ####......   6%          5    ###....
m - Irradiate             Conj/Tmut      #####.....   4%          5    ###....
n - Animate Dead          Necr           N/A          1%          4    None

Your spell library contained the following spells:

 Spells                   Type           Power        Failure   Level  Hunger
 Confusing Touch          Hex            ######       0%          1    None
 Corona                   Hex            ######.      0%          1    None
 Slow                     Hex            ######..     0%          2    None
 Animate Skeleton         Necr           N/A          1%          1    None
 Freeze                   Ice            ####         1%          1    None
 Infusion                 Chrm           ####         1%          1    None
 Magic Dart               Conj           ####         1%          1    None
 Pain                     Necr           ####         1%          1    None
 Searing Ray              Conj           #####.       1%          2    None
 Song of Slaying          Chrm           ####....     1%          2    None
 Throw Frost              Conj/Ice       #####.       1%          2    None
 Conjure Flame            Conj/Fire      ####....     1%          3    None
 Spectral Weapon          Hex/Chrm       #####...     1%          3    None
 Static Discharge         Conj/Air       ####....     1%          3    None
 Vampiric Draining        Necr           #####.....   1%          3    None
 Cause Fear               Hex            ######....   1%          4    None
 Fulminant Prism          Conj/Hex       #####.....   1%          4    None
 Iskenderun's Mystic Bla  Conj           #####...     1%          4    None
 Gell's Gravitas          Tloc           ###.......   2%          3    None
 Mephitic Cloud           Conj/Pois/Air  ###.....     2%          3    None
 Force Lance              Conj/Tloc      ####....     2%          4    None
 Ice Form                 Ice/Tmut       ####....     2%          4    None
 Call Imp                 Summ           ##......     6%          2    None
 Ignite Poison            Fire/Tmut/Pois ###.....     6%          3    None
 Recall                   Summ/Tloc      N/A          6%          3    None
 Summon Ice Beast         Ice/Summ       ####....     7%          4    None
 Petrify                  Tmut/Erth      ###.....     16%         4    None
 Metabolic Englaciation   Hex/Ice        #####.....   1%          5    ###....
 Summon Mana Viper        Hex/Summ       ####....     6%          5    ###....
 Lightning Bolt           Conj/Air       ####......   13%         5    ###....
 Bolt of Cold             Conj/Ice       #####.....   13%         6    #####..
 Fireball                 Conj/Fire      ####......   14%         5    ###....
 Ozocubu's Refrigeration  Ice            #####.....   19%         6    #####..
 Simulacrum               Ice/Necr       #####.....   19%         6    #####..
 Alistair's Intoxication  Tmut/Pois      ###.....     43%         5    ###....
 Freezing Cloud           Conj/Ice/Air   ####......   45%         6    #####..
 Summon Forest            Summ/Tloc      ###.......   52%         5    ###....
 Bolt of Fire             Conj/Fire      ####......   63%         6    #####..
 Discord                  Hex            ######....   69%         8    #######
 Aura of Abjuration       Summ           ##........   77%         5    ###....
 Summon Demon             Summ           ##........   77%         5    ###....
 Deflect Missiles         Chrm/Air       ###.......   94%         6    #####..
 Shadow Creatures         Summ           N/A          100%        6    #####..
 Ring of Flames           Chrm/Fire      ###.......   100%        7    ######.
 Ignition                 Fire           ##........   100%        8    #######
 Shatter                  Erth           ##........   100%        9    #######
 Tornado                  Air            ##........   100%        9    #######


Dungeon Overview and Level Annotations

Branches:
Dungeon (15/15)            Temple (0/1) D:5            Lair (6/6) D:9
  Swamp (4/4) Lair:3        Snake (4/4) Lair:3        Slime (0/5) Lair:6
    Orc (2/2) D:11            Elf (1/3) Orc:2        Vaults (0/5) D:13
 Depths (0/5) D:15

Altars:
Ashenzari
Dithmenos
Hepliaklqana
Makhleb
Okawaru
Sif Muna
Wu Jian
The Shining One

Shops:
D:5 [   D:8 [   Orc:2 ?=![:   Snake:3 ?   Snake:4 =:

Annotations:
Swamp:4 3 runed doors, Ycsiunue's ghost, adept DsWr


Innate Abilities, Weirdness & Mutations

You are small and have problems with some larger weapons.
You are carnivorous and can eat meat at any time.
You have very sharp fingernails.
You are partially covered in iridescent scales. (AC +2)
Scrolls take you a little longer to read.
You possess an exceptional clarity of mind.
You are resistant to electric shocks. (rElec)
You evolve.
Your spells are a little easier to cast, but a little less powerful.


Message History

The deep elf archer is severely wounded.
Your shadow closely misses the deep elf archer.
The glaive of venom closely misses you.
The deep elf archer gestures at you while chanting.
You resist with almost no effort.
The deep elf mage gestures wildly while chanting.
The deep elf mage blinks!
You hit the deep elf archer.
The deep elf archer is severely wounded.
Your shadow hits the deep elf archer with a short sword.
The orc priest looks satisfied for a moment.
Unknown command.
You closely miss the deep elf archer.
The deep elf archer is severely wounded.
The glaive of venom hits you!!
* * * LOW HITPOINT WARNING * * *
You block the deep elf archer's attack.
You swap places.
The glaive of venom hits you from afar!!
You die...

........ ..
..........)#
.....>...... ..
......e...# #
........... .####$#
... #.....#.......
..###..(##o......
## #...#.ZZeE4.....
#.##...##@##o......
#.#...#Z## .3.....
#..###..# .......
#.#.#.#.# .......
## #.##(##.#
.......
#.#####.###...#
#.#.##.
#.#.....#.###.#
.#.# ##......Z##
#.. #...#....Z.#
..#


You could see a deep elf archer, a water elemental, a deep elf mage, a red
devil, a glaive of venom, an orc priest, a friendly orc zombie, a friendly deep
elf knight zombie and a friendly deep elf mage zombie.

Vanquished Creatures
  the Lernaean hydra (Swamp:4)
  Saint Roka (Snake:1)
  Kirke (D:15)
  2 thorn hunters (Swamp:3)
  13 nagarajas
  Louise (D:15)
  A very ugly thing (Swamp:2)
  The ghost of bmj180 the Brawler, a journeyman TrMo of Okawaru (Lair:5)
  2 minotaurs
  Azrael (D:15)
  A white draconian (IceCv)
  2 ogre magi (Orc:2)
  A fire dragon (D:15)
  Harold (D:11)
  25 hydras
  A yaktaur captain (D:15)
  19 naga warriors
  3 vault guards (D:13)
  An ice dragon (D:15)
  2 ghost crabs
  12 two-headed ogres
  2 centaur warriors
  14 anacondas
  14 alligators
  A death yak (IceCv)
  7 shock serpents
  12 naga sharpshooters
  2 tengu warriors
  3 deep elf knights (Elf:1)
  2 salamander mystics
  2 deep trolls
  14 sea snakes
  7 skeletal warriors
  A spriggan druid (Swamp:4)
  7 naga ritualists
  4 wizards
  10 swamp dragons
  2 deep elf archers (Elf:1)
  2 orc knights
  A shambling mangrove (Swamp:3)
  10 deep elf magi (Elf:1)
  9 mana vipers
  2 necromancers (D:13)
  3 orc sorcerers
  7 salamanders
  10 ugly things
  6 cyclopes
  The ghost of shadizar the Shield-Bearer, a novice GrFi of the Shining One (D:6)
  4 large abominations (D:15)
  6 elephants (Lair:6)
  A moth of wrath (Swamp:2)
  An ice statue (IceCv)
  2 centaur zombies (D:14)
  45 black mambas
  18 naga magi
  A molten gargoyle (Volcano)
  34 spiny frogs
  4 torpor snails
  6 guardian serpents
  3 rime drakes
  2 gargoyles
  13 komodo dragons
  5 yaktaurs
  2 ice devils (D:11)
  A tengu conjurer (D:13)
  A troll (shapeshifter) (Elf:1)
  15 trolls
  12 hornets
  A tyrant leech (shapeshifter) (D:14)
  22 polar bears
  25 tyrant leeches
  3 meliai (D:15)
  4 dream sheep (Lair:6)
  20 blink frogs
  5 bog bodies
  11 slime creatures
  A dancing weapon (Snake:2)
  A meliai zombie (D:15)
  12 hippogriffs
  5 shadows
  2 wraiths
  A wyvern (Lair:6)
  5 fire elementals
  16 humans (D:13)
  65 yaks
  3 fire bats (Lair:5)
  8 spriggans
  A vampire (D:13)
  2 hogs (D:15)
  4 basilisks
  19 vampire mosquitoes
  4 hungry ghosts
  29 insubstantial wisps
  17 swamp worms
  A soldier ant (D:13)
  3 wargs
  Edmund (D:4)
  47 nagas
  2 acid dragons
  15 water moccasins
  8 porcupines
  4 hell hounds (D:15)
  29 orc warriors
  6 ice beasts
  A necrophage (D:12)
  17 swamp drakes
  2 eyes of draining (D:8)
  3 phantoms
  3 black bears
  4 sky beasts
  50 wolves
  4 boggarts (Lair:5)
  6 centaurs
  21 ogres
  7 crocodiles
  4 small abominations (D:15)
  8 big kobolds
  28 bullfrogs
  3 gnoll sergeants (D:11)
  2 jellies (D:12)
  A scorpion (D:10)
  8 killer bees
  4 howler monkeys
  A lava snake (Lair:2)
  7 electric eels
  6 crimson imps
  4 bullfrog zombies
  A quasit (D:10)
  10 hounds
  4 centaur skeletons
  15 orc priests
  2 bullfrog skeletons
  An iron imp (D:6)
  Terence (D:2)
  3 iguanas
  28 orc wizards
  14 worker ants
  A hound zombie (D:7)
  A hound skeleton (D:8)
  2 worker ant zombies (D:11)
  11 gnolls
  15 adders
  6 shadow imps
  4 adder skeletons
  An adder zombie (D:7)
  3 worms
  6 dart slugs
  4 leopard geckos
  72 orcs
  12 bats
  6 giant cockroaches
  16 hobgoblins
  16 jackals
  30 kobolds
  2 quokkas
  5 ball pythons
  6 frilled lizards
  18 goblins
  A goblin skeleton (D:6)
  A hobgoblin zombie (D:6)
  A kobold skeleton (D:6)
  2 kobold zombies (D:6)
  An orc zombie (D:6)
  9 rats
1350 creatures vanquished.

Vanquished Creatures (collateral kills)
  A nagaraja (Snake:4)
  3 naga warriors
  2 anacondas (Snake:4)
  2 two-headed ogres (Orc:1)
  A sea snake (Snake:4)
  A naga ritualist (Snake:3)
  A deep elf mage (Elf:1)
  A salamander (Snake:3)
  A guardian serpent (Snake:4)
  A naga mage (Snake:3)
  2 slime creatures (Swamp:4)
  Grum (D:8)
  11 nagas
  A warg (Elf:1)
  An insubstantial wisp (Swamp:4)
  2 orc warriors (Orc:1)
  5 ogres
  A gnoll sergeant (D:11)
  A killer bee (D:10)
  7 orcs
46 creatures vanquished.

Vanquished Creatures (others)
  A naga sharpshooter (Snake:4)
  A large abomination (D:15)
  A spriggan druid (Swamp:4)
  A deep elf archer (Elf:1)
  24 dancing weapons
  3 humans (D:15)
  A swamp drake (Swamp:4)
  A wolf (IceCv)
  3 small abominations (D:15)
  A bush (Lair:6)
  14 fungi
  49 plants
  5 withered plants (Swamp:4)
105 creatures vanquished.

Grand Total: 1501 creatures vanquished

Notes
Turn   | Place    | Note
-------+----------+-------------------------------------------
     0 | D:1      | dvd the Kobold Enchanter began the quest for the Orb.
     0 | D:1      | Reached XP level 1. HP: 10/10 MP: 3/3
   114 | D:1      | Reached XP level 2. HP: 8/15 MP: 0/5
   316 | D:1      | Learned a level 2 spell: Ensorcelled Hibernation
   973 | D:1      | Reached XP level 3. HP: 19/19 MP: 3/6
   999 | D:1      | Learned a level 3 spell: Confuse
  1877 | D:2      | Reached XP level 4. HP: 10/24 MP: 1/8
  2671 | D:2      | Found an iron altar of Okawaru.
  2851 | D:2      | Noticed Terence
  2856 | D:2      | Killed Terence
  2856 | D:2      | Reached XP level 5. HP: 28/28 MP: 6/10
  2892 | D:2      | Learned a level 3 spell: Dazzling Spray
  3143 | D:3      | Reached skill level 5 in Stealth
  3543 | D:3      | Found a hazy altar of Hepliaklqana.
  4397 | D:4      | Reached skill level 1 in Ice Magic
  4397 | D:4      | Reached XP level 6. HP: 26/32 MP: 2/11
  4564 | D:4      | Noticed a black bear
  4573 | D:4      | Killed a black bear
  4573 | D:4      | Reached skill level 6 in Stealth
  4848 | D:4      | Found a shadowy altar of Dithmenos.
  4858 | D:4      | Became a worshipper of Dithmenos the Shadowed
  4870 | D:4      | Reached XP level 7. HP: 19/37 MP: 2/13
  5213 | D:4      | Noticed Edmund
  5769 | D:5      | Entered Level 5 of the Dungeon
  5788 | D:5      | Found a transporter.
  5834 | D:5      | Learned a level 2 spell: Blink
  6009 | D:5      | Found a shattered altar of Ashenzari.
  6013 | D:5      | Found an ornate altar of the Wu Jian Council.
  6173 | D:5      | Found a transporter.
  6367 | D:5      | Reached skill level 7 in Stealth
  6662 | D:5      | Found Keptesk's Armour Boutique.
  6680 | D:5      | Found a staircase to the Ecumenical Temple.
  6905 | D:5      | Reached skill level 5 in Hexes
  7042 | D:5      | Found a deep blue altar of Sif Muna.
  7148 | D:6      | Found a glowing golden altar of the Shining One.
  7249 | D:6      | Found a runed gate.
  7276 | D:5      | Learned a level 3 spell: Tukima's Dance
  7328 | D:6      | Reached * piety under Dithmenos
  7328 | D:6      | Reached XP level 8. HP: 42/42 MP: 3/14
  7423 | D:6      | Reached skill level 1 in Fighting
  7555 | D:6      | Found a runed gate.
  7555 | D:6      | Found a runed gate.
  7561 | D:6      | Noticed shadizar's ghost (novice GrFi)
  7696 | D:6      | Reached skill level 5 in Spellcasting
  7839 | D:6      | Reached skill level 8 in Stealth
  8013 | D:6      | Reached ** piety under Dithmenos
  8329 | D:4      | Killed Edmund
  8722 | D:5      | Bought the +0 mask of the Dragon {MR+ Slay+3 SInv} for 367
                  | gold pieces
  8722 | D:5      | Found the +0 mask of the Dragon {MR+ Slay+3 SInv}
  8809 | D:7      | Reached skill level 9 in Stealth
  8809 | D:7      | Reached XP level 9. HP: 48/48 MP: 7/16
  8814 | D:7      | Noticed a skeletal warrior
  8815 | D:7      | Noticed a skeletal warrior
  8815 | D:7      | Noticed a skeletal warrior
  8816 | D:7      | Noticed a skeletal warrior
  9366 | D:7      | Reached skill level 1 in Evocations
  9555 | D:7      | Reached skill level 5 in Short Blades
 10068 | D:7      | Reached skill level 10 in Stealth
 10287 | D:8      | Found an iron altar of Okawaru.
 10287 | D:8      | Noticed a troll
 10298 | D:8      | Noticed a hippogriff
 10338 | D:8      | Killed a hippogriff
 10361 | D:8      | Reached *** piety under Dithmenos
 10361 | D:8      | Reached XP level 10. HP: 54/54 MP: 4/19
 10373 | D:8      | Reached skill level 1 in Armour
 10523 | D:8      | Noticed a two-headed ogre
 10528 | D:8      | Killed a two-headed ogre
 10528 | D:8      | Reached skill level 11 in Stealth
 10528 | D:8      | Reached skill level 1 in Conjurations
 10528 | D:8      | Reached skill level 1 in Translocations
 10615 | D:8      | Reached skill level 5 in Dodging
 10658 | D:8      | Noticed Grum
 10676 | D:8      | Killed Grum
 11061 | D:8      | Found a shadowy altar of Dithmenos.
 11089 | D:8      | Found Fastraeso's Antique Armour Shoppe.
 11476 | D:9      | Found a staircase to the Lair.
 11556 | D:9      | Reached **** piety under Dithmenos
 11726 | D:9      | Found a burning altar of Makhleb.
 11795 | D:9      | Reached XP level 11. HP: 59/59 MP: 19/22
 12001 | D:10     | Entered Level 10 of the Dungeon
 12658 | D:10     | Reached skill level 12 in Stealth
 12785 | D:10     | Noticed a two-headed ogre
 12790 | D:10     | Killed a two-headed ogre
 12855 | D:10     | Noticed a tengu warrior
 12868 | D:10     | Killed a tengu warrior
 13151 | Lair:1   | Entered Level 1 of the Lair of Beasts
 13424 | Lair:1   | Learned a level 3 spell: Regeneration
 14086 | Lair:1   | Reached skill level 1 in Necromancy
 14228 | Lair:1   | Reached XP level 12. HP: 66/66 MP: 19/24
 14326 | Lair:1   | Reached skill level 13 in Stealth
 14485 | Lair:1   | Reached ***** piety under Dithmenos
 15187 | Lair:2   | Found a dark tunnel.
 15568 | Volcano  | Entered a volcano
 15975 | Lair:2   | Identified the +0 plate armour of Haubrots {Stlth+} (You
                  | found it on level 2 of the Lair of Beasts)
 15984 | Lair:2   | Gained mutation: You are clumsy. (Dex -2) [potion of
                  | mutation]
 15984 | Lair:2   | Gained mutation: You occasionally shout uncontrollably at
                  | your foes. [potion of mutation]
 15984 | Lair:2   | Gained mutation: Your magical capacity is low. (-10% MP)
                  | [potion of mutation]
 15984 | Lair:2   | Gained mutation: Your flesh is heat resistant. (rF+)
                  | [potion of mutation]
 15985 | Lair:2   | Lost mutation: You are clumsy. (Dex -2) [potion of
                  | mutation]
 15985 | Lair:2   | Lost mutation: Your magical capacity is low. (-10% MP)
                  | [potion of mutation]
 15985 | Lair:2   | Gained mutation: You tend to lose your temper in combat.
                  | [potion of mutation]
 15985 | Lair:2   | Gained mutation: You often lose your temper in combat.
                  | [potion of mutation]
 15985 | Lair:2   | Gained mutation: Your mind is acute. (Int +2) [potion of
                  | mutation]
 15986 | Lair:2   | Lost mutation: Your mind is acute. (Int +2) [potion of
                  | mutation]
 15986 | Lair:2   | Lost mutation: You often lose your temper in combat.
                  | [potion of mutation]
 15986 | Lair:2   | Lost mutation: You occasionally shout uncontrollably at
                  | your foes. [potion of mutation]
 15986 | Lair:2   | Lost mutation: You tend to lose your temper in combat.
                  | [potion of mutation]
 15986 | Lair:2   | Gained mutation: Your mind is acute. (Int +2) [potion of
                  | mutation]
 15986 | Lair:2   | Gained mutation: Scrolls take you a little longer to read.
                  | [potion of mutation]
 15986 | Lair:2   | Gained mutation: Your spells are a little easier to cast,
                  | but a little less powerful. [potion of mutation]
 15986 | Lair:2   | Gained mutation: You are partially covered in iridescent
                  | scales. (AC +2) [potion of mutation]
 16019 | Lair:2   | Reached skill level 14 in Stealth
 16264 | Lair:2   | Learned a level 5 spell: Metabolic Englaciation
 16797 | Lair:3   | Found a staircase to the Swamp.
 16835 | Lair:3   | Found a staircase to the Snake Pit.
 16876 | Lair:3   | Reached XP level 13. HP: 70/70 MP: 19/25
 16884 | Lair:3   | Noticed an eight-headed hydra
 17278 | Lair:4   | Got a shimmering flail
 17279 | Lair:4   | Identified the cursed +1 flail of Law {elec, Str+2} (You
                  | found it on level 4 of the Lair of Beasts)
 17455 | Lair:4   | Noticed a five-headed hydra
 17467 | Lair:4   | Killed a five-headed hydra
 17467 | Lair:4   | Reached skill level 5 in Ice Magic
 17766 | Lair:4   | Noticed a four-headed hydra
 17775 | Lair:4   | Killed a four-headed hydra
 17816 | Lair:4   | Reached skill level 1 in Charms
 17882 | Lair:4   | Reached skill level 10 in Dodging
 17973 | Lair:4   | Found a runed door.
 18522 | Lair:4   | Noticed an eight-headed hydra
 18589 | Lair:4   | Killed an eight-headed hydra
 18734 | Lair:5   | Reached skill level 15 in Stealth
 18944 | Lair:5   | Learned a level 2 spell: Sublimation of Blood
 19023 | Lair:5   | Found a runed gate.
 19024 | Lair:5   | Found a runed gate.
 19025 | Lair:5   | Found a runed gate.
 19177 | Lair:5   | Noticed bmj180's ghost (journeyman TrMo)
 19189 | Lair:5   | Reached skill level 5 in Necromancy
 19207 | Lair:5   | Noticed a minotaur
 19563 | Lair:5   | Noticed an eight-headed hydra
 19565 | Lair:5   | Killed an eight-headed hydra
 19565 | Lair:5   | Reached skill level 10 in Spellcasting
 19878 | D:6      | Killed shadizar's ghost
 20309 | D:6      | Reached XP level 14. HP: 54/76 MP: 6/28
 20787 | D:11     | Found a frozen archway.
 20898 | IceCv    | Entered an ice cave
 21023 | IceCv    | Reached skill level 16 in Stealth
 21388 | IceCv    | Reached ****** piety under Dithmenos
 21388 | IceCv    | Reached skill level 5 in Fighting
 22085 | IceCv    | Noticed a white draconian
 22251 | IceCv    | Killed a white draconian
 22251 | IceCv    | Reached skill level 10 in Hexes
 22319 | IceCv    | Got a dazzling short sword
 22320 | IceCv    | Identified the +5 short sword "dvd's Doom" {pierce, Str+2}
                  | (You found it in an ice cave)
 23099 | D:11     | Noticed Harold
 23115 | D:11     | Killed Harold
 23239 | D:11     | Found a staircase to the Orcish Mines.
 23526 | Orc:1    | Entered Level 1 of the Orcish Mines
 23998 | Orc:1    | Reached skill level 10 in Short Blades
 24044 | Orc:2    | Entered Level 2 of the Orcish Mines
 24044 | Orc:2    | Found a labyrinth entrance.
 24051 | Lab      | Entered a labyrinth
 24233 | Lab      | Noticed a minotaur
 24242 | Lab      | Killed a minotaur
 24263 | Lab      | Got a coiled ruby amulet
 24265 | Lab      | Identified the amulet "Duzei" {Faith rN+} (You found it in
                  | a labyrinth)
 24268 | Lab      | Got a heavily runed scale mail
 24268 | Lab      | Got a scorched scale mail
 24279 | Lab      | Identified the +1 scale mail "Dacsull" {rF+} (You found it
                  | in a labyrinth)
 24289 | Lab      | Identified the +0 scale mail of Circular Logic {+Blink}
                  | (You found it in a labyrinth)
 24346 | Orc:2    | Found Kuuv's Jewellery Emporium.
 24533 | Orc:2    | Found Iroothet's Magic Scroll Shop.
 24823 | Orc:1    | Reached XP level 15. HP: 49/82 MP: 5/30
 25127 | Orc:2    | Reached skill level 17 in Stealth
 25367 | Orc:1    | Learned a level 5 spell: Yara's Violent Unravelling
 25606 | Orc:2    | Found Billaa's Antique Armour Emporium.
 25609 | Orc:2    | Found Yrarphoad's Book Boutique.
 25909 | Orc:2    | Bought the amulet "Egeon" {Reflect rF+ rN+ SH+4} for 497
                  | gold pieces
 25936 | Orc:2    | Bought a scroll of blinking for 97 gold pieces
 25936 | Orc:2    | Bought a scroll of teleportation for 39 gold pieces
 26000 | Orc:2    | Found Vyus Teawn's Distillery.
 26030 | Orc:2    | Bought a potion of curing for 39 gold pieces
 26030 | Orc:2    | Bought a potion of curing for 39 gold pieces
 26030 | Orc:2    | Bought a potion of magic for 104 gold pieces
 26030 | Orc:2    | Bought a potion of curing for 39 gold pieces
 26145 | Orc:2    | Found a staircase to the Elven Halls.
 27722 | D:13     | Reached skill level 18 in Stealth
 27728 | D:13     | Reached skill level 1 in Transmutations
 27754 | D:13     | Reached skill level 1 in Shields
 28391 | D:13     | Found a gate to the Vaults.
 28753 | D:14     | Reached XP level 16. HP: 86/88 MP: 32/32
 29748 | D:15     | Entered Level 15 of the Dungeon
 29819 | D:15     | Noticed Louise
 30303 | Lair:6   | Entered Level 6 of the Lair of Beasts
 31274 | Lair:6   | Learned a level 3 spell: Ozocubu's Armour
 31382 | Lair:6   | Found a staircase to the Slime Pits.
 31969 | Snake:1  | Entered Level 1 of the Snake Pit
 32167 | Snake:1  | Reached XP level 17. HP: 95/95 MP: 33/33
 32580 | Snake:1  | Reached skill level 5 in Shields
 32664 | Snake:1  | Reached skill level 19 in Stealth
 33381 | Snake:1  | Learned a level 4 spell: Throw Icicle
 33882 | Snake:2  | Noticed Saint Roka
 34319 | Snake:2  | Reached skill level 5 in Conjurations
 34655 | Snake:2  | HP: 3/95 [Saint Roka/divine providence (13)]
 34927 | Snake:1  | Learned a level 5 spell: Silence
 34970 | Snake:1  | Killed Saint Roka
 35902 | Snake:2  | Lost mutation: Scrolls take you a little longer to read.
                  | [potion of mutation]
 35902 | Snake:2  | Lost mutation: You are partially covered in iridescent
                  | scales. (AC +2) [potion of mutation]
 35902 | Snake:2  | Lost mutation: Your flesh is heat resistant. (rF+) [potion
                  | of mutation]
 35902 | Snake:2  | Gained mutation: You have sharp fingernails. [potion of
                  | mutation]
 35902 | Snake:2  | Gained mutation: Your spells are easier to cast, but less
                  | powerful. [potion of mutation]
 35902 | Snake:2  | Gained mutation: Your spells are much easier to cast, but
                  | much less powerful. [potion of mutation]
 35902 | Snake:2  | Gained mutation: You evolve. [potion of mutation]
 35903 | Snake:2  | Lost mutation: Your spells are much easier to cast, but
                  | much less powerful. [potion of mutation]
 35903 | Snake:2  | Lost mutation: Your spells are easier to cast, but less
                  | powerful. [potion of mutation]
 35903 | Snake:2  | Gained mutation: You are occasionally teleported next to
                  | monsters. [potion of mutation]
 35903 | Snake:2  | Gained mutation: You are frail. (-10% HP) [potion of
                  | mutation]
 35903 | Snake:2  | Gained mutation: You are resistant to hostile enchantments.
                  | (MR+) [potion of mutation]
 35903 | Snake:2  | Gained mutation: You have very sharp fingernails. [potion
                  | of mutation]
 35939 | Lair:3   | Gained mutation: You are resistant to electric shocks.
                  | (rElec) [evolution]
 36049 | Orc:2    | Bought a potion of mutation for 104 gold pieces
 36049 | Orc:2    | Lost mutation: Your mind is acute. (Int +2) [potion of
                  | mutation]
 36049 | Orc:2    | Lost mutation: You are frail. (-10% HP) [potion of
                  | mutation]
 36049 | Orc:2    | Lost mutation: You are resistant to hostile enchantments.
                  | (MR+) [potion of mutation]
 36049 | Orc:2    | Gained mutation: Scrolls take you a little longer to read.
                  | [potion of mutation]
 36049 | Orc:2    | Gained mutation: You are partially covered in iridescent
                  | scales. (AC +2) [potion of mutation]
 36537 | D:15     | Reached XP level 18. HP: 100/100 MP: 35/35
 36804 | D:15     | Found a staircase to the Depths.
 36885 | D:15     | Killed Louise
 36988 | D:15     | Identified the +9 flail of Insufficient Pleasure {crush,
                  | rElec rC+ Str+7 Dex-5} (You found it on level 15 of the
                  | Dungeon)
 37099 | D:15     | Noticed Azrael
 37112 | D:15     | Killed Azrael
 37171 | D:15     | Noticed Kirke
 37189 | D:15     | Killed Kirke
 38331 | Snake:3  | Lost mutation: You are occasionally teleported next to
                  | monsters. [evolution]
 38561 | Snake:3  | Found Taorod's Magic Scroll Emporium.
 39143 | Snake:3  | Bought a scroll of blinking for 127 gold pieces
 39143 | Snake:3  | Bought a scroll of enchant weapon for 127 gold pieces
 39143 | Snake:3  | Bought a scroll of teleportation for 51 gold pieces
 39481 | Lair:5   | Killed bmj180's ghost
 39621 | Swamp:1  | Entered Level 1 of the Swamp
 40295 | Swamp:1  | Learned a level 5 spell: Irradiate
 40637 | Swamp:2  | Reached XP level 19. HP: 105/105 MP: 37/37
 41088 | Swamp:2  | Reached skill level 20 in Stealth
 41213 | Swamp:2  | Got a translucent hand crossbow
 41214 | Swamp:2  | Identified the +6 hand crossbow of the Lame Duck {venom,
                  | Dex+6} (You found it on level 2 of the Swamp)
 41901 | Swamp:3  | Learned a level 2 spell: Shroud of Golubria
 42615 | Swamp:3  | Learned a level 4 spell: Animate Dead
 42678 | Swamp:4  | Entered Level 4 of the Swamp
 42713 | Swamp:4  | Found a runed gate.
 42762 | Swamp:4  | Found a runed gate.
 42763 | Swamp:4  | Found a runed gate.
 42776 | Swamp:4  | Noticed Ycsiunue's ghost (adept DsWr)
 43068 | Swamp:4  | Noticed a tentacled monstrosity
 43173 | Swamp:4  | Noticed the 27-headed Lernaean hydra
 43184 | Swamp:3  | Paralysed by a hornet for 2 turns
 43990 | Swamp:4  | Killed the 27-headed Lernaean hydra
 44206 | Swamp:4  | Reached skill level 15 in Spellcasting
 44377 | Swamp:4  | Got a decaying rune of Zot
 44587 | Snake:4  | Entered Level 4 of the Snake Pit
 44683 | Snake:4  | Found Jioschot's Jewellery Boutique.
 44698 | Snake:4  | Found Suusaem's Book Shop.
 44726 | Snake:4  | Reached XP level 20. HP: 85/112 MP: 24/39
 45022 | Snake:4  | Gained mutation: You possess an exceptional clarity of
                  | mind. [evolution]
 45225 | Snake:4  | Identified the +3 chain mail "Wesi" {rPois Dex+6} (You
                  | found it on level 4 of the Snake Pit)
 47359 | Snake:4  | Reached skill level 10 in Conjurations
 47443 | Snake:4  | Got a serpentine rune of Zot
 48032 | Elf:1    | Entered Level 1 of the Elven Halls
 48404 | Elf:1    | Mangled by a glaive of venom

Skill      XL: |  1  2  3  4  5  6  7  8  9 10 11 12 13 14 15 16 17 18 19 20 |
---------------+-------------------------------------------------------------+-----
Short Blades   | 2 3 4 5 6 8 9 10 11 12 | 12.4
Spellcasting   | 3 4 5 6 7 8 10 11 12 13 14 15 | 15.6
Stealth        | 5 6 7 9 10 11 12 14 15 16 18 19 20 | 20.8
Ice Magic      | 1 2 3 4 5 6 7 8 |  8.6
Hexes          | 4 5 6 7 8 9 10 11 12 13 | 13.8
Dodging        | 3 4 5 7 9 10 11 | 11.8
Fighting       | 2 3 4 5 6 7 8 |  8.2
Evocations     | 1 2 |  2.2
Armour         | 1 2 3 4 |  4.0
Conjurations   | 1 2 3 5 7 9 10 | 10.2
Translocations | 1 2 3 |  3.2
Necromancy     | 2 4 5 6 7 8 |  8.4
Charms         | 1 2 3 4 |  4.6
Transmutations | 2 4 |  4.6
Shields        | 1 4 5 |  5.6
Throwing       | |  0.6
Air Magic      | |  0.1
Invocations    | |  0.5

Action                   |  1- 3 |  4- 6 |  7- 9 | 10-12 | 13-15 | 16-18 | 19-21 || total
-------------------------+-------+-------+-------+-------+-------+-------+-------++-------
Melee: Dagger            |   145 |   154 |   113 |       |       |       |       ||   412
       Short sword       |       |       |   124 |   319 |   790 |  1144 |   667 ||  3044
       Rapier            |       |       |       |       |       |    45 |       ||    45
Throw: Tomahawk          |       |       |       |       |     2 |       |       ||     2
 Cast: Corona            |    11 |     6 |       |       |       |       |       ||    17
       Ensorcelled Hiber |    26 |    43 |    46 |   131 |   156 |   201 |   135 ||   738
       Confuse           |     1 |     9 |    31 |    30 |    72 |    45 |    14 ||   202
       Dazzling Spray    |       |     1 |    10 |    12 |   100 |   112 |   102 ||   337
       Blink             |       |       |     5 |     8 |    33 |     9 |     8 ||    63
       Tukima's Dance    |       |       |     7 |    12 |    62 |    50 |    24 ||   155
       Regeneration      |       |       |       |     6 |    70 |    91 |    42 ||   209
       Sublimation of Bl |       |       |       |       |    44 |    52 |    24 ||   120
       Metabolic Englaci |       |       |       |       |     5 |       |       ||     5
       Yara's Violent Un |       |       |       |       |    11 |    11 |    13 ||    35
       Ozocubu's Armour  |       |       |       |       |       |    20 |    11 ||    31
       Throw Icicle      |       |       |       |       |       |     5 |    11 ||    16
       Silence           |       |       |       |       |       |     3 |       ||     3
       Shroud of Golubri |       |       |       |       |       |       |    23 ||    23
       Animate Dead      |       |       |       |       |       |       |    28 ||    28
       Irradiate         |       |       |       |       |       |       |     1 ||     1
Invok: Shadow Step       |       |       |       |     2 |     2 |     2 |     5 ||    11
Evoke: Wand              |       |       |    12 |     3 |     9 |    24 |     4 ||    52
  Use: Potion            |       |     1 |       |    12 |     5 |     9 |     1 ||    28
       Scroll            |       |       |    14 |    11 |    14 |     8 |     8 ||    55
 Stab: Sleeping          |    16 |    34 |    59 |   102 |   160 |   143 |   103 ||   617
       Confused          |       |     3 |     9 |    13 |    27 |    13 |     9 ||    74
       Invisible         |       |       |     3 |     1 |    18 |    22 |    15 ||    59
       Distracted        |       |       |       |       |     4 |     9 |     6 ||    19
  Eat: Chunk             |    13 |    12 |    26 |    21 |    43 |    47 |    29 ||   191
Armor: Robe              |     9 |    31 |     9 |       |       |       |       ||    49
       Skin              |       |     8 |       |       |       |     1 |       ||     9
       Leather armour    |       |       |       |    30 |    91 |   118 |   132 ||   371
Dodge: Dodged            |   110 |   128 |   152 |   262 |   666 |   602 |   512 ||  2432
Block: Buckler           |       |       |    13 |    15 |    55 |   519 |   404 ||  1006
       Other             |       |       |       |       |     8 |       |       ||     8
       Reflection        |       |       |       |       |     4 |    47 |    45 ||    96
